 Dungeon Crawl Stone Soup version bcrawl-1.37.2 (webtiles) character file.

Game seed: 6718604728639612992

217724 Mehrunes the Arsonist (level 10, -2/63 HPs)
             Began as a Mummy Fire Elementalist on Dec 8, 2022.
             Was a Follower of Sif Muna.
             Slain by a harpy zombie (13 damage)
             ... on level 7 of the Dungeon.
             The game lasted 00:28:00 (11744 turns).

Mehrunes the Arsonist (Mummy Fire Elementalist)    Turns: 11744, Time: 00:28:00

Health: -2/63      AC:  4    Str:  8    XL:     10   Next: 24%
Magic:  11/19      EV: 10    Int: 17    God:    Sif Muna [*.....]
Gold:   762        SH: 11    Dex: 10    Spells: 8/21 levels left

rFire    . . .     GDR:     22% p - +4 whip (drain)
rCold    + + .     SeeInvis +   w - +8 buckler of Nihilism {rC+ Str-4 SInv}
rNeg     + + +     Gourm    .   a - +0 robe
rPois    ∞         Faith    .   v - +0 mask of the Dragon {MR+ Slay+3 SInv}
rElec    +         Spirit   .   h - +0 cloak
rCorr    .         Reflect  .   (no gloves)
MR       ++...     Clarity  +   m - +0 pair of boots
Stlth    ++........             (no amulet)
HPRegen  0.20/turn              f - ring of Kukhla {+Fly rElec rF+ Dex-3}
MPRegen  0.16/turn              (no ring)

@: about to teleport, very slightly contaminated
A: no food or potions, fire vulnerability, clarity, cold resistance 1, negative
energy resistance 3, torment resistance, unbreathing, strong hexes 1
a: Divine Energy, Renounce Religion, Evoke Flight


You were on level 7 of the Dungeon.
You worshipped Sif Muna.
Sif Muna was aware of your devotion.
You were not hungry.

You visited 2 branches of the dungeon, and saw 8 of its levels.
You also visited: Sewer.

You collected 762 gold pieces.

Inventory:

Hand Weapons
 j - a +0 dagger
 p - a +4 whip of draining (weapon)
 u - a +4 flail of crushing
Missiles
 d - 1071 stones (quivered)
Armour
 a - a +0 robe (worn)
 e - a +0 helmet
 h - a +0 cloak (worn)
 m - a +0 pair of boots (worn)
 v - the +0 mask of the Dragon (worn) {MR+ Slay+3 SInv}
   (You found it on level 5 of the Dungeon)

   It affects your accuracy and damage with ranged weapons and melee attacks
   (+3).
   It affects your resistance to hostile enchantments.
   It lets you see invisible.
 w - the +8 buckler of Nihilism (worn) {rC+ Str-4 SInv}
   (You found it on level 5 of the Dungeon)

   It affects your strength (-4).
   It protects you from cold.
   It lets you see invisible.
Jewellery
 f - the ring of Kukhla (left hand) {+Fly rElec rF+ Dex-3}
   (You found it on level 1 of the Dungeon)

   [ring of flight]

   It affects your dexterity (-3).
   It protects you from fire.
   It insulates you from electricity.
   It lets you fly.
 q - an uncursed ring of insulation {unknown}
 r - an uncursed ring of poison resistance {unknown}
Wands
 b - a wand of iceblast (7)
 c - a wand of flame (16)
 o - a wand of clouds (4)
Scrolls
 g - 3 scrolls of magic mapping
 i - 12 scrolls of identify
 n - a scroll of enchant armour
 t - a scroll of amnesia
 x - 3 scrolls of enchant weapon {unknown}
 y - a scroll of remove curse


   Skills:
 - Level 1.5 Dodging
 - Level 2.1 Stealth
 - Level 6.0 Spellcasting
 + Level 8.6 Conjurations
 + Level 9.0 Fire Magic


You had 8 spell levels left.
You knew the following spells:

 Your Spells              Type           Power        Failure   Level  Hunger
a - Flame Tongue          Conj/Fire      #####        1%          1    N/A
b - Conjure Flame         Conj/Fire      #####...     2%          3    N/A
c - Sticky Flame          Conj/Fire      #####...     10%         4    N/A
d - Fireball              Conj/Fire      #####.....   26%         5    N/A

Your spell library contained the following spells:

 Spells                   Type           Power        Failure   Level  Hunger
 Flaming Arrows           Chrm/Fire      ###.....     9%          2    N/A
 Inner Flame              Hex/Fire       N/A          17%         3    N/A
 Dazzling Orbs            Conj/Hex       ####...      19%         3    N/A
 Stone Arrow              Conj/Erth      ###...       19%         3    N/A
 Fulminant Prism          Conj/Hex       ####......   52%         4    N/A
 Yara's Violent Unravell  Hex/Tmut       #.........   98%         4    N/A

Dungeon Overview and Level Annotations

Branches:
Dungeon (7/12)             Temple (1/1) D:7
   Lair: D:7-9

Altars:
Ashenzari
Cheibriados
Dithmenos
Gozag
Hepliaklqana
Kikubaaqudgha
Lugonu
Makhleb
Nemelex Xobeh
Okawaru
Qazlal
Ru
Sif Muna
Trog
Uskayaw
Vehumet
Wu Jian
Xom
Yredelemnul

Shops:
D:4 (   D:6 [

Annotations:
D:5 1 exclusion


Innate Abilities, Weirdness & Mutations

You do not eat or drink.
Your flesh is vulnerable to fire.
You are immune to poison.
You possess an exceptional clarity of mind.
Your flesh is cold resistant. (rC+)
You are immune to negative energy. (rN+++)
You are immune to unholy pain and torment.
You can survive without breathing.
Your hexes are more powerful.


Message History

Here: a harpy zombie (severely damaged)
As you read the scroll of teleportation, it crumbles to dust.
You feel strangely unstable. The harpy zombie claws you.
You block the harpy zombie's attack. The harpy zombie barely misses you.
You block the harpy zombie's attack. The harpy zombie barely misses you.
The harpy zombie claws you.
Casting: Sticky Flame (safe; 10% risk of failure)
Confirm with . or Enter, or press ? or * to list all spells.
Aiming: Sticky Flame (safe; 10% risk of failure)
Press: ? - help, Shift-Dir - straight line, f/p - harpy zombie
Aim: a harpy zombie (severely damaged)
You miscast Sticky Flame.
Strange energies run through your body. The harpy zombie claws you.
The harpy zombie claws you but does no damage.
The harpy zombie claws you.
* * * LOW HITPOINT WARNING * * *
The harpy zombie claws you.
* * * LOW HITPOINT WARNING * * *
The harpy zombie claws you!
You die...

....##...)..#...##..... #...###..
...!##....)[#...........#....#...
....#.......#...........#†...#...
...........<#...........#....#...
....'.......).......... #..@.)...
....##....#.#..###...## #..#..#..
....##.....##..###...####.>######
...........'..>Z......'.....#
....>......#....@.....#..†..#
..........[#..........#.....#
....###...##...##.....#.....#
....############ .....#.......
......# ...........### ......#
....P[.P.... ......#
.P.....P.P... ......#
...P....P....# ......#


You could see a harpy zombie.

Vanquished Creatures
  Joseph (D:7)
  Prince Ribbit (D:7)
  A hippogriff (D:6)
  Sigmund (D:2)
  2 steam dragons (D:6)
  Edmund (D:4)
  3 crocodiles
  3 porcupines
  2 sky beasts
  A necrophage (D:7)
  A black bear (D:6)
  An orc warrior (D:5)
  3 phantoms
  3 ogres
  6 bullfrogs
  A kobold brigand (D:7)
  2 centaurs (D:6)
  2 scorpions
  5 howler monkeys
  2 orc priests
  5 crimson imps
  5 hounds
  3 iguanas
  Jessica (D:2)
  4 orc wizards
  4 worker ants
  A killer bee zombie (D:6)
  A worker ant zombie (D:5)
  Robin (D:3)
  15 adders
  3 gnolls (D:3)
  A howler monkey skeleton (D:5)
  2 shadow imps
  2 oozes
  An adder skeleton (D:6)
  3 worms
  4 dart slugs
  2 leopard geckos (D:1)
  15 orcs
  A ball python (D:1)
  3 giant cockroaches
  10 goblins
  17 hobgoblins
  A jackal (D:3)
  9 kobolds
  2 quokkas (D:2)
  A ball python skeleton (D:4)
  10 bats
  6 frilled lizards
  A jackal skeleton (D:5)
  A quokka zombie (D:5)
  5 rats
182 creatures vanquished.

Vanquished Creatures (others)
  8 fungi (D:7)
  2 plants (D:7)
10 creatures vanquished.

Grand Total: 192 creatures vanquished

Notes
Turn   | Place    | Note
-------+----------+-------------------------------------------
     0 | D:1      | Mehrunes the Mummy Fire Elementalist began the quest for
                  | the Orb.
     0 | D:1      | Reached XP level 1. HP: 13/13 MP: 4/4
   258 | D:1      | Reached skill level 1 in Conjurations
   292 | D:1      | Reached XP level 2. HP: 19/19 MP: 3/6
   542 | D:1      | Got a clouded iron ring
   966 | D:1      | Reached XP level 3. HP: 23/24 MP: 2/7
  1074 | D:2      | Noticed Sigmund
  1143 | D:2      | Learned a level 3 spell: Conjure Flame
  1261 | D:2      | Identified the ring of Kukhla {+Fly rElec rF+ Dex-3} (You
                  | found it on level 1 of the Dungeon)
  1661 | D:2      | Reached skill level 3 in Fire Magic
  1759 | D:2      | Noticed Jessica
  1764 | D:2      | Killed Jessica
  1765 | D:2      | Reached XP level 4. HP: 30/30 MP: 6/9
  1785 | D:2      | Learned a level 4 spell: Sticky Flame
  2110 | D:2      | Noticed a sky beast
  2122 | D:2      | Killed a sky beast
  2123 | D:2      | Reached XP level 5. HP: 29/35 MP: 5/11
  2345 | D:2      | Learned a level 5 spell: Fireball
  2668 | D:3      | Reached XP level 6. HP: 35/41 MP: 8/13
  2708 | D:3      | Noticed a crocodile
  2777 | D:3      | Killed a crocodile
  2778 | D:3      | Reached skill level 5 in Spellcasting
  2778 | D:3      | Reached skill level 4 in Fire Magic
  2849 | D:3      | Found a glowing silver altar of Zin.
  2849 | D:3      | Noticed an angel
  2872 | D:3      | Found a glowing drain.
  2921 | Sewer    | Entered a sewer
  3095 | Sewer    | Noticed a crocodile
  3102 | Sewer    | Killed a crocodile
  3103 | Sewer    | Reached XP level 7. HP: 46/46 MP: 6/15
  3311 | D:3      | Noticed Robin
  3428 | D:3      | Found a white marble altar of Elyvilon.
  3605 | D:3      | Killed Robin
  3971 | D:3      | Found a hide-covered altar of Uskayaw.
  5115 | D:4      | Found Dialant's Antique Weapon Shop.
  5144 | D:4      | Noticed Edmund
  5322 | D:3      | Reached skill level 5 in Fire Magic
  5803 | D:4      | Killed Edmund
  5804 | D:4      | Reached XP level 8. HP: 34/52 MP: 9/17
  6114 | D:5      | Entered Level 5 of the Dungeon
  6147 | D:5      | Reached skill level 5 in Conjurations
  6570 | D:5      | Reached skill level 6 in Fire Magic
  6715 | D:5      | Found the +0 mask of the Dragon {MR+ Slay+3 SInv}
  6828 | D:5      | Got a crude buckler
  7044 | D:6      | Found Eproliq's Armour Shop.
  7156 | D:6      | Noticed a hippogriff
  8120 | D:6      | Reached skill level 7 in Fire Magic
  8120 | D:6      | Reached XP level 9. HP: 37/57 MP: 10/18
  8448 | D:6      | Identified the +8 buckler of Nihilism {rC+ Str-4 SInv} (You
                  | found it on level 5 of the Dungeon)
  9323 | D:6      | Found Eproliq's Armour Shop.
  9766 | D:2      | Killed Sigmund
  9909 | D:7      | Reached skill level 8 in Fire Magic
 10138 | D:7      | Found a staircase to the Ecumenical Temple.
 10204 | Temple   | Entered the Ecumenical Temple
 10532 | Temple   | Became a worshipper of Sif Muna the Loreminder
 10872 | D:7      | Noticed a two-headed ogre
 11124 | D:7      | Reached XP level 10. HP: 63/63 MP: 13/19
 11137 | D:7      | Reached * piety under Sif Muna
 11408 | D:7      | Noticed Prince Ribbit
 11418 | D:7      | Killed Prince Ribbit
 11419 | D:7      | Identified Sif Muna's Compendium of Earth and the Oath (Sif
                  | Muna gifted it to you on level 7 of the Dungeon)
 11419 | D:7      | Received a gift from Sif Muna
 11468 | D:7      | Noticed Joseph
 11711 | D:7      | Killed Joseph
 11712 | D:7      | Reached skill level 9 in Fire Magic
 11744 | D:7      | Slain by a harpy zombie

Skill      XL: |  1  2  3  4  5  6  7  8  9 10 |
---------------+-------------------------------+-----
Conjurations   | 1 2 3 4 6 8 |  8.6
Spellcasting   | 3 4 5 6 |  6.0
Fire Magic     | 3 4 5 7 8 9 |  9.0
Dodging        | |  1.5
Stealth        | |  2.1

Action                   |  1- 3 |  4- 6 |  7- 9 | 10-12 || total
-------------------------+-------+-------+-------+-------++-------
Melee: Dagger            |       |     5 |       |       ||     5
       Whip              |       |       |   123 |     6 ||   129
       Flail             |       |       |    19 |     1 ||    20
 Cast: Flame Tongue      |    66 |    54 |   298 |    14 ||   432
       Conjure Flame     |     1 |     3 |    13 |       ||    17
       Sticky Flame      |       |     1 |    35 |    10 ||    46
       Fireball          |       |       |     3 |     1 ||     4
  Use: Scroll            |     2 |       |    12 |     6 ||    20
Armor: Robe              |     7 |    10 |    83 |     4 ||   104
Dodge: Dodged            |    23 |    35 |   174 |    12 ||   244
Block: Buckler           |       |       |    38 |    24 ||    62
